 Dungeon Crawl Stone Soup version 0.15.2 (webtiles) character file.

149 striepan the Slasher (level 5, -4/46 HPs)
             Began as a Minotaur Fighter on Dec 20, 2014.
             Engulfed by their own flame (15 damage)
             ... on Level 4 of the Dungeon.
             The game lasted 00:06:53 (2339 turns).

striepan the Slasher (Minotaur Fighter)             Turns: 2339, Time: 00:06:54

HP  -4/46        AC  6     Str 21      XL: 5   Next:  9%
MP   2/2         EV  6     Int  5      God:
Gold 200         SH  9     Dex 10      Spells:  0 memorised,  4 levels left

rFire  . . .     SeeInvis .     a - +0 long sword
rCold  . . .     Clarity  .     b - +0 scale mail
rNeg   . . .     rCorr    .     c - +0 shield
rPois  .         rRot     .     (helmet restricted)
rElec  .         Spirit   .     (no cloak)
SustAb .         Warding  .     (no gloves)
rMut   .         Stasis   .     (no boots)
Gourm  .                        (no amulet)
MR     .....                    (no ring)
                                (no ring)

@: not resistant to hostile enchantments, extremely unstealthy
A: retaliatory headbutt, horns 2
a: no special abilities


You were on level 4 of the Dungeon.
You were hungry.

You visited 1 branch of the dungeon, and saw 4 of its levels.

You collected 200 gold pieces.

Inventory:

Hand weapons
 a - a +0 long sword (weapon)
Armour
 b - a +0 scale mail (worn)
 c - a +0 shield (worn)
Comestibles
 d - a bread ration
 l - a beef jerky
 s - a slice of pizza
Scrolls
 f - 7 scrolls of identify {unknown}
 j - 3 scrolls of amnesia {unknown}
 o - a scroll of enchant weapon {unknown}
 p - 4 scrolls of teleportation {unknown}
Potions
 e - a potion of might
 i - a potion of heal wounds {unknown}
 k - a potion of resistance {unknown}
 q - a potion of curing {unknown}
 r - a potion of berserk rage {unknown}
Books
 t - a book of Summonings

   Spells                             Type                      Level
   Abjuration                         Summoning                    3
   Recall                             Summoning/Translocation      3
   Shadow Creatures                   Summoning                    5
   Summon Demon                       Summoning                    5
   Summon Forest                      Summoning/Translocation      5
   Monstrous Menagerie                Summoning                    6


   Skills:
 + Level 4.0 Fighting
 + Level 6.2 Long Blades
 - Level 3.6 Armour
 - Level 3.6 Shields


You had 4 spell levels left.
You didn't know any spells.

Dungeon Overview and Level Annotations

Branches:
Dungeon (4/15)
 Temple: D:4-7

Altars:
Ashenzari
Fedhas


Innate Abilities, Weirdness & Mutations

You reflexively headbutt those who attack you in melee.
You have a pair of horns on your head.


Message History

The creatures around you are filled with an inner flame!
It was a scroll of immolation.
You hit the adder skeleton. You headbutt the adder skeleton.
You block the adder skeleton's attack.
You hit the adder skeleton. You block the adder skeleton's attack.
You block the adder skeleton's attack.
You barely miss the adder skeleton.
The adder skeleton bites you but does no damage.
You slash the adder skeleton!
The adder skeleton explodes!
The fiery explosion engulfs you!
You are engulfed in roaring flames.
Ouch! That really hurt!
* * * LOW HITPOINT WARNING * * *
You are too injured to fight recklessly!
You start resting.
A scorpion comes into view.
A scorpion is nearby!
Really walk into that cloud of flame?
You are engulfed in roaring flames.
You die...

*,,,,,,*,,,,,,,,+
#####+**,,*,,,,,,,,*
#...#,**,,+,,,*+**,,
#...+,,*,,*,,,*,,+,,
#...#,,+,,*,,,*,,*,,
#...#,**#+#,,,*,,**,
#...#+#....,,,+,,,+,
#...........,,*,,,*,
#..@ยง......#+**,,,*,
#...s......+,,,,,,+,
#....(.....*+**,***,
#...#+#....,,,*,*,,,
#...+,+,...,,,+,+,,,
#...#,*,,.,,,,***,,,
##+##***+**,,,,,,,,,
*,,* *,,,*,,,,,,,,,
*,,* *,,,+,,,,,,,,,


You could see a scorpion.

Vanquished Creatures
  6 adders
  A giant mite (D:3)
  3 worms
  An adder skeleton (D:4)
  A giant gecko (D:2)
  4 orcs (D:3)
  A ball python (D:3)
  9 goblins
  3 hobgoblins
  9 jackals
  8 kobolds
  A quokka (D:3)
  7 bats
  3 giant cockroaches
  3 giant newts (D:2)
  8 rats
68 creatures vanquished.

Notes
Turn   | Place    | Note
--------------------------------------------------------------
     0 | D:1      | striepan, the Minotaur Fighter, began the quest for the Orb.
     0 | D:1      | Reached XP level 1. HP: 19/19 MP: 1/1
   169 | D:1      | Reached XP level 2. HP: 20/26 MP: 1/1
   948 | D:2      | Reached skill level 4 in Long Blades
   963 | D:2      | Reached XP level 3. HP: 19/31 MP: 2/2
  1038 | D:2      | Found a shattered altar of Ashenzari.
  1354 | D:2      | Reached skill level 5 in Long Blades
  1443 | D:2      | Reached XP level 4. HP: 26/39 MP: 2/2
  1966 | D:3      | Reached skill level 6 in Long Blades
  2050 | D:3      | Found a blossoming altar of Fedhas.
  2061 | D:3      | Reached XP level 5. HP: 42/46 MP: 2/2
  2339 | D:4      | Engulfed by their own flame

Action                   |  1- 3 |  4- 6 || total
-------------------------+-------+-------++-------
Melee: Long sword        |   129 |    74 ||   203
  Use: Scroll            |       |     4 ||     4
  Eat: Chunk             |     2 |     2 ||     4
